 Dungeon Crawl Stone Soup version 0.31-b1-20-g67cafac56d (webtiles) character file.

Game seed: 5418458777671676020

170 groovy9 the Cudgeller (level 5, 0/33 HPs)
             Began as a Gargoyle Berserker on Jan 18, 2024.
             Was a Believer of Trog.
             Slain by an adder (1 damage)
             ... on level 3 of the Dungeon.
             The game lasted 00:04:50 (2026 turns).

groovy9 the Cudgeller (Gargoyle Berserker)          Turns: 2026, Time: 00:04:50

Health: 0/33       AC: 12    Str: 22    XL:     5   Next: 51%
Magic:  5/5        EV: 11    Int:  8    God:    Trog [**....]
Gold:   191        SH:  0    Dex:  9    Spells: 4/4 levels left

rFire   . . .        a - +0 mace
rCold   . . .        (no shield)
rNeg    + . .        b - +0 ring mail
rPois   ∞            (no helmet)
rElec   +            c - +2 cloak
rCorr   .            (no gloves)
SInv    .            (no boots)
Will    .....        (no amulet) Stlth
                     (no ring)
HPRegen 0.25/turn    (no ring)
MPRegen 0.09/turn

%: no passive effects
@: on berserk cooldown, slowed, very slow
A: sickness immunity, AC +4, negative energy resistance 1, electricity
resistance, torment resistance 1, petrification resistance
a: Renounce Religion, Berserk, Trog's Hand


You were on level 3 of the Dungeon.
You worshipped Trog.
Trog was pleased with you.
You visited 1 branch of the dungeon, and saw 3 of its levels.

You collected 191 gold pieces.

Inventory:

Hand Weapons
 a - a +0 mace (weapon)
Armour
 b - a +0 ring mail (worn)
 c - a +2 cloak (worn)
Scrolls
 g - 2 scrolls of identify {unknown}
 j - a scroll of vulnerability {unknown}
Potions
 d - 2 potions of curing {unknown}
 e - a potion of berserk rage {unknown}
 f - a potion of mutation {unknown}
 h - 2 potions of heal wounds {unknown}
 i - a potion of resistance {unknown}
 k - a potion of cancellation {unknown}
 l - a potion of enlightenment {unknown}


   Skills:
 + Level 4.3 Fighting
 * Level 4.7 Maces & Flails
 + Level 3.5 Armour
 - Level 1.5 Dodging


You had 4 spell levels left.
You didn't know any spells.
Your spell library was empty.

Dungeon Overview and Level Annotations

Branches:
Dungeon (3/15)

Altars:


Innate Abilities, Weirdness & Mutations

You are immune to sickness and miasma.
Your stone body is resilient. (AC +4)
You are immune to poison.
You resist negative energy. (rN+)
You are resistant to electric shocks. (rElec)
You are resistant to unholy torment.
You are immune to petrification.


Message History

You hit the orc wizard.
The orc wizard is heavily wounded.
The orc wizard hits you but does no damage.
The orc hits you with a +0 hand axe. The adder bites you.
The orc barely misses you.
The orc wizard hits you but does no damage.
The orc hits you with a +0 hand axe. The adder bites you but does no damage.
You closely miss the orc wizard.
The orc wizard is heavily wounded.
The orc closely misses you. The adder misses you.
The orc wizard hits you but does no damage.
The orc hits you with a +0 hand axe.
* * * LOW HITPOINT WARNING * * *
The adder bites you but does no damage. The orc barely misses you.
The orc closely misses you.
The orc wizard hits you but does no damage.
You closely miss the orc wizard.
The orc wizard is heavily wounded.
The adder barely misses you. The orc barely misses you.
The orc wizard hits you but does no damage.
The orc misses you. The adder closely misses you.
The orc hits you with a +0 short sword.
* * * LOW HITPOINT WARNING * * *
The orc wizard hits you with a +0 dagger.
* * * LOW HITPOINT WARNING * * *
The orc hits you with a +0 hand axe.
* * * LOW HITPOINT WARNING * * *
The adder misses you.
You closely miss the orc wizard.
The orc wizard is heavily wounded.
The adder closely misses you. The orc hits you but does no damage.
The orc wizard hits you but does no damage.
The orc hits you but does no damage. The adder barely misses you.
The orc hits you but does no damage.
You hit the orc wizard but do no damage.
The orc wizard is heavily wounded.
The orc wizard hits you with a +0 dagger.
* * * LOW HITPOINT WARNING * * *
The orc hits you but does no damage. The adder bites you.
You die...

#......... #
#......... # #
#........ #. #
#....... #.. # #.....#
.. # ###.....# #.##
#......)+ #...
#...oSo.##############
#...o@)...............
#...##################
#... # #... # #... #
#... # #... #


You could see an orc wizard, an adder and 2 orcs.

Vanquished Creatures
  An orc priest (D:3)
  8 adders (D:2)
  3 dart slugs
  2 ribbon worms (D:2)
  An orc (D:3)
  5 bats (D:1)
  5 endoplasms (D:1)
  2 giant cockroaches
  3 goblins (D:1)
  6 hobgoblins (D:1)
  4 jackals (D:1)
  2 quokkas (D:1)
  6 ball pythons
  2 frilled lizards (D:2)
  3 kobolds
  6 rats
59 creatures vanquished.

Notes
Turn   | Place    | Note
-------+----------+-------------------------------------------
     0 | D:1      | groovy9 the Gargoyle Berserker began the quest for the Orb.
     0 | D:1      | Reached XP level 1. HP: 14/14 MP: 1/1
    81 | D:1      | Reached XP level 2. HP: 13/19 MP: 2/2
   245 | D:1      | Reached XP level 3. HP: 20/23 MP: 3/3
   332 | D:1      | Reached ** piety under Trog
   844 | D:2      | Found a faded altar of an unknown god.
   907 | D:2      | Reached XP level 4. HP: 15/29 MP: 4/4
  1255 | D:2      | Reached XP level 5. HP: 33/33 MP: 5/5
  2024 | D:3      | HP: 1/33 [orc/+0 hand axe (3)]
  2026 | D:3      | Slain by an adder

Illustrated notes

Levels and vault maps discovered:
D:1:      sevenhm_arrival_forest_fort_large_4, layout_rooms, st_stairs_2,
          minivault_25, minmay_tromino_v4_a
D:2:      layout_basic, ebering_ecumenical_altar_ruins, kennysheep_cross_room,
          minmay_3d_cube
D:3:      layout_basic, nicolae_wu_jian_wuxing_cycle, serial_shops, shop,
          nicolae_shop_dealshenge, nicolae_shop_peninsula,
          nicolae_shop_real_fake_doors, gup_sewer_entry_spiral

Skill      XL: |  1  2  3  4 |
---------------+-------------+-----
Maces & Flails | 4 |  4.7
Armour         | 3 |  3.5
Fighting       | 4 |  4.3
Dodging        | |  1.5

Action                     |  1- 3 |  4- 6 || total
---------------------------+-------+-------++-------
  Melee: Mace              |   126 |    88 ||   214
 Invoke: Berserk           |     2 |     2 ||     4
 Armour: Animal skin       |   111 |    47 ||   158
         Ring mail         |       |    72 ||    72
  Dodge: Dodged            |    97 |    85 ||   182
